 Dungeon Crawl Stone Soup version 0.29.0-5-ge4962eb29e (webtiles) character file.

Game seed: 13892914327705046694

68 Arcadio the Vexing (level 4, -2/34 HPs)
             Began as a Barachi Arcane Marksman on Aug 28, 2022.
             Slain by a crimson imp (4 damage)
             ... summoned by Natasha
             ... on level 2 of the Dungeon.
             The game lasted 00:04:37 (1876 turns).

Arcadio the Vexing (Barachi Arcane Marksman)        Turns: 1876, Time: 00:04:38

Health: -2/34      AC:  3    Str: 13    XL:     4   Next: 19%
Magic:  5/5        EV: 12    Int: 14    God:
Gold:   89         SH:  0    Dex: 12    Spells: 4/5 levels left

rFire   . . .      SeeInvis .   b - +1 war axe (venom)
rCold   . . .      Faith    .   (no shield)
rNeg    . . .      Spirit   .   j - +0 leather armour
rPois   .          Reflect  .   (no helmet)
rElec   .          Harm     .   (no cloak)
rCorr   .          Rampage  .   (no gloves)
Will    .....                   (no boots)
Stlth   +.........              (no amulet)
HPRegen 0.11/turn               e - ring of flight
MPRegen 0.09/turn               (no ring)

@: unable to hop, flying, slow
A: amphibious, slowness 1, strong legs 1, +LOS
a: Hop


You were on level 2 of the Dungeon.
You visited 1 branch of the dungeon, and saw 2 of its levels.

You collected 89 gold pieces.

Inventory:

Hand Weapons
 a - a +1 sling
 b - a +1 war axe of venom (weapon)
 h - a +0 spear
Armour
 c - a +0 robe
 j - a +0 leather armour (worn)
Jewellery
 e - a ring of flight (left hand)
Scrolls
 d - a scroll of teleportation {unknown}
 f - 2 scrolls of poison
 g - a scroll of torment {unknown}
 l - a scroll of identify {unknown}
 m - 2 scrolls of blinking {unknown}
 q - a scroll of noise {unknown}
Potions
 i - a potion of heal wounds {unknown}
 k - a potion of attraction
 n - 2 potions of ambrosia {unknown}
 o - a potion of lignification {unknown}
 p - a potion of flight {unknown}


   Skills:
 + Level 2.8 Fighting
 + Level 2.9 Ranged Weapons
 + Level 3.2 Dodging
 - Level 1.1 Spellcasting
 - Level 3.2 Hexes


You had 4 spell levels left.
You knew the following spells:

 Your Spells              Type           Power      Damage    Failure   Level
a - Slow                  Hex            36%        N/A       9%          1

Your spell library contained the following spells:

 Spells                   Type           Power      Damage    Failure   Level
 Passwall                 Tmut/Erth      0%         N/A       45%         2
 Inner Flame              Hex/Fire       5%         N/A       45%         3
 Portal Projectile        Hex/Tloc       10%        N/A       45%         3
 Cause Fear               Hex            4%         N/A       65%         4
 Olgreb's Toxic Radiance  Pois           0%         N/A       97%         4
 Petrify                  Tmut/Erth      0%         N/A       97%         4
 Alistair's Intoxication  Tmut/Pois      0%         N/A       100%        5
 Irradiate                Conj/Tmut      0%         3d11      100%        5


Dungeon Overview and Level Annotations

Branches:
Dungeon (2/15) Zot: 9892

Altars:

Annotations:
D:2 Natasha


Innate Abilities, Weirdness & Mutations

You are amphibious.
You cover ground slowly.
You can hop short distances.
You have an extended range of vision and can be seen from far away.


Message History

Natasha stares at you and mumbles some strange words.
The magic dart hits you.
* * * LOW HITPOINT WARNING * * *
The shadow imp shouts, "Capitulate, thou unctious fool-headed clack-dish!"
The shadow imp barely misses you. Natasha completely misses you.
The shadow imp closely misses you.
Hop to where?
Press: ? - help, Dir - move target, p - Natasha Boing!
The shadow imp looks more healthy.
Natasha casts a spell.
Natasha mumbles some strange words.
Natasha glows brightly for a moment.
The shadow imp disappears in a puff of smoke!
Natasha attacks as you move away! Natasha misses you.
Natasha casts a spell.
The crimson imp attacks as you move away!
The crimson imp hits you.
* * * LOW HITPOINT WARNING * * *
Natasha casts a spell.
The crimson imp attacks as you move away!
The crimson imp barely misses you.
You see here a +0 dagger.
The crimson imp attacks as you move away!
The crimson imp hits you but does no damage.
The crimson imp blinks!
The crimson imp barely misses you. The crimson imp hits you.
* * * LOW HITPOINT WARNING * * *
Natasha wildly gestures.
You feel troubled.
The crimson imp attacks as you move away!
The crimson imp closely misses you.
The crimson imp attacks as you move away!
The crimson imp hits you but does no damage.
The crimson imp attacks as you move away!
The crimson imp closely misses you.
The crimson imp attacks as you move away!
The crimson imp hits you.
* * * LOW HITPOINT WARNING * * *
The crimson imp blinks!
The crimson imp hits you.
You die...

#..# ##...## #.# #####..
#..#######....5#####.# #....†.
#.......>............####.###..
###.................)..)....# #.)
.......####).....#########..###.#
#####..# #..###h# #..#..## # #..#
#..# #.# #..#.## # #..####..# #5#
#...## # ##........# #@# #..#.##
# ##.#.#####.# #.# #..#..##
###.###.## #.# #.# #..#.#.# ...##
##.# #.# #.# #....... ....###.##
#.###.# #.##....
###..#.#####.....# #.##.### #
###........##### #.##.# #
#####.#### #..#.# # #.# ##.#.#


You could see Natasha (strong) and 2 crimson imps.

Vanquished Creatures
  2 adders (D:2)
  2 dart slugs (D:2)
  6 bats
  4 endoplasms
  A giant cockroach (D:1)
  5 goblins
  A hobgoblin (D:1)
  4 jackals (D:1)
  3 kobolds
  5 quokkas
  7 ball pythons
  3 frilled lizards (D:1)
  A rat (D:1)
44 creatures vanquished.

Vanquished Creatures (others)
  4 fungi (D:2)
4 creatures vanquished.

Grand Total: 48 creatures vanquished

Notes
Turn   | Place    | Note
-------+----------+-------------------------------------------
     0 | D:1      | Arcadio the Barachi Arcane Marksman began the quest for the
                  | Orb.
     0 | D:1      | Reached XP level 1. HP: 15/15 MP: 2/2
   164 | D:1      | Reached XP level 2. HP: 22/22 MP: 3/3
   215 | D:1      | Got Eringya's Incunabulum of Altered Blight
   606 | D:1      | Reached XP level 3. HP: 27/27 MP: 4/4
  1360 | D:2      | Reached XP level 4. HP: 6/34 MP: 5/5
  1631 | D:2      | Found a faded altar of an unknown god.
  1851 | D:2      | Noticed Natasha
  1876 | D:2      | Slain by a crimson imp

Illustrated notes

Levels and vault maps discovered:
D:1:      lightli_arrival_lavapool, layout_loops_cross
D:2:      layout_loops_ring, dreamdust_ecumenical_altar_statues, uniq_robin,
          uniq_natasha, uniq_crazy_yiuf_cottage

Skill      XL: |  1  2  3 |
---------------+----------+-----
Fighting       | 2 |  2.8
Dodging        | 3 |  3.2
Ranged Weapons | |  2.9
Spellcasting   | |  1.1
Hexes          | |  3.2

Action                   |  1- 3 |  4- 6 || total
-------------------------+-------+-------++-------
Melee: War axe           |    45 |    13 ||    58
 Fire: Sling             |    55 |    17 ||    72
 Cast: Slow              |     1 |       ||     1
 Abil: Hop               |     1 |     1 ||     2
  Use: Potion            |     2 |       ||     2
 Stab: Sleeping          |     1 |       ||     1
Armor: Robe              |     4 |       ||     4
       Leather armour    |    18 |    10 ||    28
Dodge: Dodged            |    56 |    20 ||    76
